 Dungeon Crawl Stone Soup version 0.31-a0-544-gceb718ecc6 (webtiles) character file.

Game seed: 8097118059312386867

8743 RepHenryClay the Nimble (level 11, -2/54 HPs)
             Began as a Deep Elf Hedge Wizard on Aug 16, 2023.
             Was a Priest of Vehumet.
             Slain by a death yak (19 damage)
             ... on level 9 of the Dungeon.
             The game lasted 00:26:11 (11097 turns).

RepHenryClay the Nimble (Deep Elf Hedge Wizard)    Turns: 11097, Time: 00:26:12

Health: -2/54      AC:  7    Str:  7    XL:     11   Next: 13%
Magic:  11/28      EV: 17    Int: 24    God:    Vehumet [***...]
Gold:   1615       SH:  0    Dex: 14    Spells: 19/33 levels left

rFire   . . .        u - +3 whip (venom)
rCold   . . .        (no shield)
rNeg    . . .        q - +0 steam dragon scales
rPois   +            c - +0 hat
rElec   .            (no cloak)
rCorr   .            (no gloves)
SInv    .            G - +1 pair of boots
Will    ++...        (no amulet)
Stlth   ++           f - ring of willpower
HPRegen 0.29/turn    l - ring of poison resistance
MPRegen 0.21/turn

%: no passive effects
@: no status effects
A: no striking features
a: Renounce Religion


You were on level 9 of the Dungeon.
You worshipped Vehumet.
Vehumet was most pleased with you.
You visited 2 branches of the dungeon, and saw 10 of its levels.

You collected 1615 gold pieces.

Inventory:

Hand Weapons
 a - a +0 dagger
 e - a +2 whip of freezing
 u - a +3 whip of venom (weapon)
 B - the +6 sling "Kunehoro" {drain, rPois rC+ Str+6}
   (You found it on level 8 of the Dungeon)

   Str+6:     It affects your strength (+6).
   rC+:       It protects you from cold.
   rPois:     It protects you from poison
 E - a +3 dagger of distortion
Armour
 c - a +0 hat (worn)
 j - a +0 robe of willpower
 q - +0 steam dragon scales (worn)
 G - a +1 pair of boots (worn)
Magical Staves
 w - a staff of poison
Jewellery
 f - a ring of willpower (left hand)
 l - a ring of poison resistance (right hand)
 m - a ring of fire
 H - an amulet of faith
Wands
 b - a wand of paralysis (4)
 C - a wand of roots (8)
Scrolls
 g - 2 scrolls of blinking
 h - 3 scrolls of teleportation
 n - 2 scrolls of immolation
 p - 3 scrolls of torment
 r - a scroll of enchant weapon
 t - 3 scrolls of noise
 x - 2 scrolls of amnesia
 y - a scroll of poison
 D - 4 scrolls of revelation
 F - a scroll of enchant armour {unknown}
 I - a scroll of silence {unknown}
Potions
 d - a potion of magic
 i - 2 potions of attraction
 k - 4 potions of mutation
 o - 3 potions of curing
 s - 2 potions of resistance
 v - 2 potions of heal wounds
 z - a potion of cancellation {unknown}
 A - 2 potions of might {unknown}


   Skills:
 + Level 11.7 Dodging
 - Level 2.4 Stealth
 + Level 11.7 Spellcasting
 - Level 10.3 Conjurations
 - Level 1.1 Summonings
 - Level 1.1 Translocations
 - Level 6.1 Ice Magic
 - Level 3.0 Air Magic
 - Level 3.3 Poison Magic


You had 19 spell levels left.
You knew the following spells:

 Your Spells              Type           Power      Damage    Failure   Level
a - Magic Dart            Conj           100%       1d8       1%          1
b - Mephitic Cloud        Conj/Pois/Air  40%        N/A       1%          3
c - Frozen Ramparts       Ice            86%        1d13      1%          3
d - Hailstorm             Conj/Ice       52%        3d12      1%          3
e - Searing Ray           Conj           100%       2d8       1%          2
Q - Blink                 Tloc           38%        N/A       4%          2

Your spell library contained the following spells:

 Spells                   Type           Power      Damage    Failure   Level
 Fulminant Prism          Conj/Hex       19%        3d11      1%          4
 Freeze                   Ice            100%       1d10      1%          1
 Cigotuvi's Dreadful Rot  Necr/Pois/Air  48%        N/A       2%          2
 Slow                     Hex            56%        N/A       4%          1
 Call Imp                 Summ           38%        N/A       4%          2


Dungeon Overview and Level Annotations

Branches:
Dungeon (9/15)             Temple (1/1) D:4
   Lair: D:8-11         Orc: D:9-12

Altars:
Cheibriados
Dithmenos
Fedhas
Gozag
Hepliaklqana
Kikubaaqudgha
Makhleb
Nemelex Xobeh
Okawaru
Qazlal
Ru
Sif Muna
Trog
Vehumet
Wu Jian
Xom
Yredelemnul
Zin
The Shining One

Annotations:
D:3 Grinder, Robin
D:7 Dowan, Duvessa


Message History

Press: ? - help, Shift-Dir - straight line, f/p - death yak
Aim: a death yak (moderately wounded, confused, 100% to hit)
The searing ray hits the death yak.
The death yak is moderately wounded. (Press . to maintain the ray.)
The wall freezes the death yak!
A death yak comes into view.
The searing ray hits the death yak!
The death yak is heavily wounded.
The wall freezes the death yak but does no damage.
The searing ray hits the death yak!
The death yak is severely wounded.
The wall freezes the death yak but does no damage.
The death yak gores you!
Damage: -16%(-9hp) hp: 84%(45hp)
The searing ray hits the death yak.
The death yak is almost dead.
You finish channelling your searing ray.
The death yak seems less confused.
The wall freezes the death yak.
The death yak gores you!
Huge Dmg: -28%(-15hp) hp: 56%(30hp)
Casting: Searing Ray (safe; 1% risk of failure)
Confirm with . or Enter, or press ? or * to list all spells.
Aiming: Searing Ray (safe; 1% risk of failure)
Press: ? - help, Shift-Dir - straight line, f - death yak, p - death yak
Aim: a death yak (94% to hit)
The searing ray hits the death yak.
The death yak is almost dead.
The searing ray hits the death yak.
The death yak is lightly wounded. (Press . to maintain the ray.)
The wall freezes the death yak.
The death yak gores you!
* * * LOW HITPOINT WARNING * * *
Huge Dmg: -26%(-14hp) hp: 30%(16hp)
The searing ray hits the death yak but does no damage.
The death yak is almost dead.
The searing ray hits the death yak but does no damage.
The death yak is lightly wounded.
The frozen ramparts melt away.
The death yak gores you!!
You die...

#......Y?... ....
#.#####..... ...# #.# ...
#.# . #.# #Y#######. ## ###
### #..............#.#. #.#
#.# #Y#####............
##.# #.# #@# #............
...# #.# #.# #..).........
##.# #.# #.# #............
#.# #.# #.# #............
#.#
#.#######.#####............
#.#
#.........(..(..........###
##.#
#.#######.#####.........#
...# #.# #.# #.........#
##.######.# #.# #.........#


You could see 2 death yaks.

Vanquished Creatures
  Erica (D:8)
  Jeremiah (D:8)
  A deep elf pyromancer (D:6)
  Maurice (D:8)
  Joseph (D:8)
  Maggie (D:7)
  Psyche (D:8)
  A kobold demonologist (D:8)
  A troll (D:9)
  A hornet (D:8)
  3 wyverns
  7 yaks
  2 steam dragons
  A water moccasin (D:6)
  An acid dragon (D:8)
  2 black bears
  2 ogres
  17 kobold brigands
  A gnoll sergeant (D:8)
  4 scorpions
  2 bullfrogs
  5 wights (D:8)
  7 killer bees
  2 howler monkeys (D:8)
  4 hounds
  2 orc priests (D:8)
  2 sleepcaps
  3 iguanas
  Natasha (thrice) (D:4)
  10 orc wizards
  3 gnolls
  6 adders
  A white imp (D:7)
  2 dart slugs
  36 orcs
  6 endoplasms
  4 giant cockroaches
  8 goblins
  9 hobgoblins
  9 jackals
  2 ball pythons
  3 bats
  3 frilled lizards (D:2)
  26 kobolds
  4 rats
212 creatures vanquished.

Vanquished Creatures (collateral kills)
  A sleepcap (D:6)
  An orc wizard (D:6)
  An orc (D:6)
3 creatures vanquished.

Grand Total: 215 creatures vanquished

Notes
Turn   | Place    | Note
-------+----------+-------------------------------------------
     0 | D:1      | RepHenryClay the Deep Elf Hedge Wizard began the quest for
                  | the Orb.
     0 | D:1      | Reached XP level 1. HP: 10/10 MP: 7/7
   468 | D:1      | Reached XP level 2. HP: 15/15 MP: 5/9
   652 | D:1      | Found a faded altar of an unknown god.
   995 | D:2      | Learned a level 2 spell: Blink
  1050 | D:2      | Reached XP level 3. HP: 16/19 MP: 3/10
  1394 | D:1      | Learned a level 3 spell: Mephitic Cloud
  1463 | D:2      | Found a snail-covered altar of Cheibriados.
  1967 | D:3      | Noticed Robin
  2088 | D:3      | Noticed Grinder
  2127 | D:4      | Noticed Natasha
  2132 | D:4      | Killed Natasha
  2133 | D:4      | Reached XP level 4. HP: 17/24 MP: 6/12
  2316 | D:4      | Reached skill level 5 in Conjurations
  2632 | D:4      | Noticed a steam dragon
  2634 | D:4      | Noticed a black bear
  2644 | D:4      | Killed a steam dragon
  2645 | D:4      | Reached XP level 5. HP: 16/28 MP: 10/13
  2826 | D:4      | Found a hazy altar of Hepliaklqana.
  3010 | D:5      | Entered Level 5 of the Dungeon
  3042 | D:5      | Reached XP level 6. HP: 32/32 MP: 8/14
  3962 | D:5      | Reached XP level 7. HP: 36/36 MP: 6/15
  4398 | D:4      | Found a staircase to the Ecumenical Temple.
  4407 | Temple   | Entered the Ecumenical Temple
  4428 | Temple   | Became a worshipper of Vehumet
  4759 | D:4      | Noticed Natasha
  4765 | D:4      | Killed Natasha
  4848 | D:4      | Noticed Natasha
  4853 | D:4      | Killed Natasha
  5549 | D:6      | Noticed a yak
  5550 | D:6      | Noticed a yak
  5550 | D:6      | Noticed a yak
  5561 | D:5      | Killed a yak
  5562 | D:5      | Reached skill level 10 in Conjurations
  5562 | D:5      | Reached XP level 8. HP: 41/41 MP: 5/16
  5755 | D:5      | Reached * piety under Vehumet
  5755 | D:5      | Offered knowledge of Sandblast by Vehumet.
  5881 | D:5      | Reached skill level 1 in Air Magic
  5881 | D:5      | Reached skill level 1 in Poison Magic
  6298 | D:6      | Reached skill level 5 in Dodging
  6439 | D:6      | Identified a scroll of acquirement
  6439 | D:6      | Acquired 1206 gold pieces
  7083 | D:6      | Learned a level 3 spell: Frozen Ramparts
  7203 | D:6      | Reached XP level 9. HP: 26/45 MP: 8/17
  7479 | D:7      | Noticed Duvessa
  7479 | D:7      | Noticed Dowan
  7553 | D:7      | Noticed a deep elf pyromancer
  7663 | D:6      | Killed a deep elf pyromancer
  7842 | D:7      | Noticed Maggie
  7857 | D:7      | Killed Maggie
  7858 | D:7      | Reached skill level 5 in Spellcasting
  8545 | D:8      | Noticed a kobold demonologist
  8545 | D:8      | Noticed Maurice
  8666 | D:8      | Identified the +6 sling "Kunehoro" {drain, rPois rC+ Str+6}
  8823 | D:8      | Offered knowledge of Kiss of Death by Vehumet.
  8845 | D:8      | Noticed Joseph
  8900 | D:8      | Reached ** piety under Vehumet
  8908 | D:8      | Killed Maurice
  8909 | D:8      | Reached XP level 10. HP: 30/50 MP: 1/23
  8909 | D:8      | Killed Joseph
  9039 | D:8      | Learned a level 3 spell: Hailstorm
  9304 | D:8      | Noticed a sun demon
  9740 | D:8      | Offered knowledge of Searing Ray by Vehumet.
  9744 | D:8      | Learned a level 2 spell: Searing Ray
  9870 | D:8      | Noticed Psyche
  9872 | D:8      | Reached skill level 10 in Dodging
  9878 | D:8      | Killed Psyche
  9882 | D:8      | Reached skill level 10 in Spellcasting
 10283 | D:8      | Noticed Erica
 10298 | D:8      | Killed Erica
 10298 | D:8      | Reached *** piety under Vehumet
 10299 | D:8      | Noticed Jeremiah
 10320 | D:8      | Killed Jeremiah
 10543 | D:9      | Reached XP level 11. HP: 54/54 MP: 19/28
 10550 | D:9      | Offered knowledge of Fulminant Prism by Vehumet.
 11066 | D:9      | Noticed a death yak
 11092 | D:9      | Noticed a death yak
 11097 | D:9      | Slain by a death yak

Illustrated notes

Levels and vault maps discovered:
D:1:      lightli_arrival_maybe_door_vault, layout_basic,
          ebering_ecumenical_altar_webs, minmay_misc_feat_roman
D:2:      layout_loops_ring, basic_altar, lexackson_kobold_supper
D:3:      minmay_bubble_buster, layout_rooms, gammafunk_temple_overflow_wave,
          uniq_sigmund, uniq_grinder, uniq_robin
D:4:      layout_basic, mainiacjoe_overflow_alcove_4, lemuel_temple_firewalk_a,
          uniq_natasha
D:5:      layout_loops_ring
D:6:      layout_layer_cave
D:7:      layout_loops_ring, guppyfry_early_elven_hall, uniq_maggie,
          uniq_duvessa
D:8:      layout_basic, special_room [special_room_kobold],
          minmay_increasing_density, uniq_erica, uniq_joseph, uniq_maurice,
          uniq_psyche, uniq_jeremiah
D:9:      layout_small_grid, dpeg_lair_monsters, nicolae_sextant
Temple:   regret_index_temple_mists

Skill      XL: |  1  2  3  4  5  6  7  8  9 10 |
---------------+-------------------------------+-----
Conjurations   | 2 3 4 6 8 10 | 10.3
Dodging        | 6 8 11 | 11.7
Air Magic      | 3 |  3.0
Poison Magic   | 3 |  3.3
Ice Magic      | 2 6 |  6.1
Spellcasting   | 7 11 | 11.7
Stealth        | |  2.4
Summonings     | |  1.1
Translocations | |  1.1

Action                     |  1- 3 |  4- 6 |  7- 9 | 10-12 || total
---------------------------+-------+-------+-------+-------++-------
  Melee: Dagger            |    32 |    90 |    45 |       ||   167
         Punch             |       |     3 |       |     1 ||     4
         Whip              |       |       |    32 |    58 ||    90
   Cast: Magic Dart        |    86 |   113 |   267 |    72 ||   538
         Mephitic Cloud    |     1 |     6 |    23 |     6 ||    36
         Blink             |       |     3 |     4 |       ||     7
         Frozen Ramparts   |       |       |    12 |    18 ||    30
         Searing Ray       |       |       |       |    16 ||    16
         Hailstorm         |       |       |       |     6 ||     6
  Evoke: Wand              |       |       |       |     1 ||     1
    Use: Potion            |       |     3 |     3 |       ||     6
         Scroll            |       |     5 |    13 |       ||    18
   Stab: Confused          |       |     3 |     4 |       ||     7
         Distracted        |       |       |     1 |       ||     1
 Armour: Robe              |     6 |    12 |     4 |       ||    22
         Skin              |       |    40 |       |       ||    40
         Steam dragon scal |       |       |    21 |    15 ||    36
  Dodge: Dodged            |    32 |    75 |    91 |    56 ||   254

Table legend: (Time is in decaauts)
 A = Elapsed time spent in this place.
 B = Non-inter-level travel time spent in this place.
 C = Inter-level travel time spent in this place.
 D = Time resting spent in this place.
 E = Time spent auto-exploring this place.
 F = Levels seen in this place.
 G = Mean time per level.
                   A        B        C        D        E       F      G
               +--------+--------+--------+--------+--------+-----+--------+
         Total |  11129 |  10458 |    671 |   1718 |   6875 |  10 | 1112.9 |
       Dungeon |  11074 |  10455 |    619 |   1718 |   6875 |   9 | 1230.4 |
        Temple |     54 |      2 |     52 |      0 |      0 |   1 |   54.0 |
               +--------+--------+--------+--------+--------+-----+--------+

Top non-repeatable levels by time:
     D:5: 1886 daAuts
     D:4: 1773 daAuts
     D:8: 1708 daAuts
     D:6: 1532 daAuts
     D:7: 1276 daAuts
     D:2: 1212 daAuts
     D:1: 813 daAuts
     D:9: 563 daAuts
     D:3: 307 daAuts
  Temple: 54 daAuts
